Map: Oxide LE

Players

TerraN - Winner!

  • Race: Terran Terran

Erik

  • Race: Zerg Zerg

Event: DreamHack SC2 Masters 2021 Fall

VOD

Have the link to the VOD?

Description

Time

  • Played on: July 29, 2021, 5:38 p.m.
  • Length: 15:35

All games in this series

Show
View Real Time Build Order
Export as new Build Order

TerraN Terran - Winner!

Build Orders: Reaper Expand 

Get SALT Encoding   

  12  0:00  SCV  
  13  0:13  SCV  
  14  0:17  Supply Depot  
  14  0:25  SCV  
  15  0:39  SCV  
  15  0:40  Barracks  
  16  0:43  Refinery  
  16  0:51  SCV  
  17  1:03  SCV  
  18  1:15  SCV  
  19  1:28  Reaper, Orbital Command  
  20  1:40  Command Center  
  20  1:49  Supply Depot  
  20  1:53  SCV  
  21  1:59  Marine  
  22  2:05  SCV  
  23  2:12  Factory  
  23  2:17  SCV  
  23  2:21  Barracks Reactor  
  24  2:29  SCV  
  25  2:41  SCV  
  25  2:43  Command Center  
  26  2:54  SCV  
  26  2:56  Orbital Command  
  27  3:02  Barracks  
  27  3:08  Barracks Tech Lab  
  27  3:09  SCV  
  28  3:15  Hellion  
  28  3:16  Hellion  
  32  3:21  SCV  
  32  3:22  SCV  
  34  3:27  Stimpack  
  34  3:28  Marine  
  34  3:33  SCV  
  34  3:34  SCV  
  37  3:37  Hellion  
  37  3:38  Hellion  
  41  3:45  SCV  
  41  3:46  SCV  
  41  3:47  Marine  
  44  3:54  Refinery  
  44  3:57  SCV, Starport  
  44  3:58  SCV  
  44  4:00  Orbital Command  
  46  4:04  Marine  
  46  4:06  Marine x2  
  49  4:10  SCV  
  49  4:12  SCV  
  49  4:19  Factory Reactor  
  49  4:22  Marine, Supply Depot  
  49  4:23  Marine, SCV  
  49  4:24  Marine  
  53  4:25  SCV  
  54  4:34  SCV  
  55  4:39  Supply Depot  
  55  4:40  Marine  
  55  4:41  Marine x2  
  55  4:44  SCV  
  55  4:45  SCV  
  60  4:46  SCV  
  60  4:49  Engineering Bay x2  
  61  4:54  Refinery  
  61  4:55  Supply Depot  
  61  4:56  SCV  
  61  4:57  SCV  
  61  4:58  Marine  
  61  4:59  Marine  
  65  5:00  SCV  
  65  5:04  Marine  
  65  5:05  Medivac x2  
  71  5:08  Supply Depot, SCV  
  71  5:09  SCV  
  71  5:13  Refinery  
  73  5:14  SCV  
  73  5:17  Marine x2  
  73  5:18  Combat Shield  
  76  5:22  Marine, SCV  
  76  5:23  Supply Depot  
  76  5:27  Orbital Command  
  78  5:35  Terran Infantry Armor Level 1, Barracks x2  
  78  5:36  Marine  
  78  5:37  Barracks  
  78  5:38  Supply Depot  
  79  5:44  Marine  
  79  5:45  SCV  
  79  5:47  SCV  
  79  5:49  Factory Tech Lab  
  82  5:54  SCV  
  84  5:57  SCV  
  79  6:14  Marine x3  
  79  6:15  Siege Tank  
  79  6:17  Medivac x2  
  85  6:18  SCV x2  
  85  6:19  SCV  
  88  6:25  Supply Depot  
  88  6:26  Terran Infantry Weapons Level 1  
  88  6:30  SCV x2  
  88  6:31  SCV, Supply Depot  
  91  6:32  Marine  
  91  6:33  Marine  
  91  6:35  Barracks Reactor x2  
  91  6:36  Barracks Reactor  
  91  6:38  Barracks Tech Lab x2  
  92  6:43  Marine  
  93  6:48  Supply Depot, Siege Tank  
  93  6:50  Marine  
  93  6:55  Marine  
  93  6:56  Marine, Marauder  
  93  6:58  SCV  
  93  6:59  Bunker  
  93  7:00  Marine  
  99  7:07  SCV x2  
  101  7:08  Marine  
  101  7:13  Marine, SCV  
  101  7:14  Marine  
  105  7:17  Marine  
  105  7:19  Marine, SCV, Marauder  
  105  7:20  Marine, Siege Tank  
  114  7:25  Supply Depot  
  114  7:26  Marine  
  115  7:30  Marine  
  115  7:32  Marauder  
  115  7:35  Marine  
  119  7:37  Marine x2  
  119  7:40  Armory, Marauder  
  119  7:43  Refinery  
  123  7:44  Refinery  
  123  7:48  Marine  
  123  7:49  Marine  
  125  7:52  SCV x3, Siege Tank  
  125  7:53  Marine, Marauder  
  125  7:55  Marine x2, Supply Depot  
  136  8:00  Factory  
  136  8:04  SCV, Concussive Shells, Marauder  
  136  8:05  Medivac  
  141  8:12  Sensor Tower  
  141  8:16  Marine x3  
  141  8:17  Marauder  
  146  8:21  Marine  
  146  8:22  Marauder  
  146  8:25  Marine  
  141  8:31  Terran Infantry Armor Level 2, Terran Infantry Weapons Level 2  
  141  8:33  Missile Turret  
  136  8:34  Marine x3, Missile Turret  
  136  8:35  Missile Turret  
  136  8:38  Marine  
  138  8:41  Siege Tank  
  138  8:42  Marine  
  138  8:43  Marine, Marauder  
  145  8:50  Factory Tech Lab  
  145  8:52  Marine x3  
  148  8:56  Marine  
  149  9:05  Marine x2, Medivac x2  
  149  9:06  Supply Depot  
  149  9:07  Supply Depot  
  149  9:08  Supply Depot  
  155  9:11  Marine  
  155  9:14  Command Center  
  155  9:16  Siege Tank  
  159  9:18  Siege Tank  
  162  9:29  Marine, Marauder  
  162  9:30  Marine, Marauder  
  167  9:39  Marine x2, Marauder  
  157  9:46  Marine  
  157  9:47  Marine  
  157  9:48  Medivac x2, Siege Tank  
  157  9:50  Siege Tank, Marauder  
  157  9:51  Marauder  
  165  9:57  Marine x2  
  154  10:00  Marine  
  154  10:04  Marine  
  154  10:05  Marine  
  145  10:12  Marine, Marauder  
  145  10:13  Terran Vehicle Weapons Level 1  
  148  10:14  Marine  
  148  10:15  Marine  
  148  10:18  Marine  
  148  10:20  Siege Tank  
  154  10:22  Marine, Siege Tank  
  154  10:25  Command Center  
  158  10:38  Ghost Academy  
  158  10:43  Command Center  
  158  10:50  Marine x2  
  158  10:51  Marauder  
  158  10:52  Marine x2, Siege Tank, Marauder  
  158  10:54  Siege Tank  
  170  10:58  Marauder  
  167  11:04  Planetary Fortress  
  167  11:08  Marine x2  
  168  11:12  Marauder  
  168  11:16  SCV x3  
  169  11:24  Terran Infantry Armor Level 3, Siege Tank  
  171  11:26  Siege Tank  
  171  11:28  Marine x2, SCV x2  
  178  11:33  SCV  
  178  11:34  Sensor Tower, Missile Turret  
  174  11:56  Siege Tank  
  174  11:58  Marine x4, Siege Tank, Marauder  
  176  12:06  Marine  
  176  12:07  Marauder  
  176  12:12  Medivac x2  
  176  12:13  Orbital Command  
  179  12:16  Marine x2  
  183  12:24  Marine  
  183  12:25  Marine  
  183  12:26  Orbital Command  
  183  12:29  Siege Tank  
  190  12:30  Siege Tank  
  190  12:33  Ghost x2  
  190  12:34  Refinery x2, Ghost  
  195  12:43  Medivac  
  197  13:01  Siege Tank  
  197  13:03  Command Center  
  196  13:19  Marine, Ghost x3  
  188  13:22  Marine x3  
  165  13:37  Marine, Siege Tank  
  165  13:40  Marine  
  164  13:42  Siege Tank  
  164  13:47  Ghost x2  
  164  13:48  Marauder  
  169  13:58  Marine x2  
  171  14:03  Marine x2  
  171  14:08  Ghost  
  171  14:09  Siege Tank  
  178  14:16  Marine x2, Ghost x2  
  179  14:21  Marine x2  
  159  14:34  Marine x2  
  159  14:37  Liberator x2, Ghost  
  163  14:39  Marine x2  
  163  14:45  Marauder x2  
  166  14:52  Marine x2, Siege Tank  
  161  14:57  Marine x2  
  163  15:06  Marauder  
  163  15:07  Marauder x2  
  160  15:10  Marine x2  
  162  15:14  Marine  
  162  15:15  Marine  
Show
View Real Time Build Order
Export as new Build Order

Erik Zerg 

Build Orders: Hatch First, Lurkers 

Get SALT Encoding   

  12  0:00  Drone  
  13  0:12  Overlord  
  13  0:17  Drone  
  14  0:31  Drone x2  
  16  0:48  Hatchery  
  15  0:50  Drone  
  15  0:54  Drone  
  17  0:58  Drone  
  18  1:07  Extractor  
  17  1:12  Spawning Pool  
  17  1:15  Drone  
  17  1:20  Drone  
  18  1:28  Drone  
  19  1:38  Drone  
  20  1:49  Drone  
  21  2:00  Queen x2  
  25  2:01  Zergling x4  
  27  2:14  Hatchery  
  26  2:18  Overlord  
  26  2:21  Drone  
  27  2:24  Drone  
  28  2:36  Metabolic Boost  
  27  2:39  Drone x3  
  30  2:45  Queen  
  30  2:49  Overlord  
  32  2:54  Drone  
  32  2:55  Drone  
  34  2:58  Drone  
  35  3:09  Drone x5  
  40  3:17  Overlord  
  40  3:20  Drone  
  40  3:23  Queen  
  43  3:28  Queen  
  43  3:29  Overlord  
  43  3:33  Overlord  
  45  3:35  Drone  
  45  3:37  Drone  
  45  3:40  Drone x2  
  49  3:41  Drone  
  49  3:45  Drone x2  
  52  3:52  Overlord  
  52  3:54  Drone x3  
  55  3:59  Zergling x2  
  55  4:00  Zergling x4  
  57  4:05  Extractor  
  57  4:06  Roach Warren  
  57  4:09  Zergling x4  
  58  4:10  Zergling x2  
  58  4:16  Drone  
  57  4:19  Drone x4  
  57  4:21  Lair  
  61  4:24  Drone  
  61  4:26  Drone  
  61  4:28  Drone  
  61  4:30  Drone  
  61  4:31  Extractor  
  64  4:36  Overlord  
  64  4:39  Drone x5  
  64  4:42  Drone  
  64  4:45  Drone  
  71  4:55  Extractor, Drone x5  
  71  4:56  Drone, Evolution Chamber  
  71  4:57  Evolution Chamber  
  71  4:58  Spore Crawler  
  73  5:00  Spore Crawler  
  72  5:07  Overlord  
  72  5:09  Spore Crawler  
  72  5:10  Drone x2  
  72  5:11  Drone  
  74  5:18  Glial Reconstitution  
  74  5:20  Roach  
  74  5:21  Roach x3  
  82  5:23  Overseer  
  82  5:24  Zerg Missile Weapons Level 1  
  82  5:27  Zerg Ground Armor Level 1  
  82  5:31  Drone x3  
  82  5:35  Drone x3  
  88  5:42  Roach x4  
  96  5:46  Overlord  
  96  5:47  Overlord  
  96  5:49  Extractor  
  95  5:55  Hatchery  
  94  6:03  Overlord x2  
  88  6:11  Roach  
  88  6:12  Roach x4  
  97  6:23  Extractor  
  97  6:24  Drone x5  
  101  6:31  Roach, Infestation Pit  
  101  6:32  Roach x5  
  111  6:34  Ravager x3  
  114  6:44  Overlord  
  114  6:46  Overlord  
  114  6:47  Overlord  
  114  6:56  Overlord  
  114  7:03  Overlord  
  114  7:05  Zergling x2  
  114  7:06  Zergling x20  
  125  7:12  Drone  
  126  7:17  Hive, Pathogen Glands  
  126  7:19  Drone x4  
  126  7:20  Hydralisk Den  
  129  7:25  Extractor  
  129  7:26  Extractor  
  127  7:35  Overlord  
  127  7:36  Roach x9  
  145  7:41  Drone  
  148  7:51  Roach x7  
  159  7:59  Lurker Den  
  159  8:03  Drone x8  
  166  8:16  Drone  
  166  8:17  Drone  
  166  8:19  Queen  
  166  8:22  Overlord  
  166  8:23  Overlord  
  166  8:26  Overlord x2  
  163  8:29  Overlord  
  163  8:30  Neural Parasite  
  163  8:31  Infestor  
  163  8:32  Infestor  
  166  8:35  Overlord  
  166  8:40  Overlord  
  164  8:41  Infestor x2  
  164  8:46  Queen  
  168  8:49  Spore Crawler  
  168  8:52  Roach x5  
  168  8:53  Hydralisk  
  179  8:59  Hydralisk x3  
  185  9:04  Hydralisk x2  
  189  9:19  Ravager x4  
  193  9:25  Lurker x3  
  193  9:26  Lurker  
  193  9:30  Ravager  
  193  9:31  Ravager  
  196  9:39  Zergling x8  
  160  10:02  Hatchery  
  160  10:03  Seismic Spines  
  160  10:05  Viper x2  
  159  10:09  Roach x10  
  179  10:18  Lurker x2  
  181  10:22  Zergling x6  
  182  10:33  Zergling x12  
  182  10:35  Queen  
  188  10:37  Queen x2  
  188  10:39  Hatchery  
  188  10:54  Hydralisk  
  188  10:55  Hydralisk x2  
  192  11:03  Hydralisk x3  
  195  11:21  Lurker  
  195  11:22  Lurker x2  
  188  11:31  Lurker x3  
  188  11:32  Extractor  
  190  11:33  Extractor, Adaptive Talons  
  190  11:34  Muscular Augments  
  189  11:43  Overseer x2  
  189  11:44  Pneumatized Carapace  
  170  12:05  Zerg Missile Weapons Level 2  
  170  12:06  Zerg Melee Weapons Level 1, Zergling x2  
  170  12:07  Zergling x32  
  187  12:14  Drone x10  
  197  12:19  Extractor, Spore Crawler  
  195  12:26  Drone, Adrenal Glands  
  196  12:33  Roach  
  199  12:46  Grooved Spines  
  199  12:50  Ravager  
  199  12:53  Spore Crawler, Spine Crawler  
  199  12:55  Spine Crawler  
  199  12:56  Spine Crawler  
  194  13:00  Overseer  
  149  13:29  Zergling x48  
  153  13:52  Hydralisk x8  
  153  13:56  Queen  
  153  13:57  Hydralisk x3  
  160  14:02  Hydralisk  
  160  14:03  Hydralisk x2  
  164  14:16  Drone x4  
  134  14:32  Hydralisk  
  134  14:33  Hydralisk x6  
  125  14:49  Hydralisk x7  
  135  14:54  Zergling x2  
  135  14:56  Lurker x10  
  129  15:07  Roach x6  

Tags
 
Add a new tag
Caveats
  • Supply blocks, unpowered buildings, or Contaminate may cause inaccurate times.
  • Supply counts are checked every 10 seconds.